 Dungeon Crawl Stone Soup version 0.31-a0-355-g57cb03d3e8 (webtiles) character file.

Game seed: 17197208348224450965

1134 LeprechaunX the Ruffian (level 8, -17/48 HPs)
             Began as an Octopode Shapeshifter on July 24, 2023.
             Was a Believer of Hepliaklqana.
             Killed from afar by a steam dragon (22 damage)
             ... with a ball of steam
             ... on level 6 of the Dungeon.
             The game lasted 00:05:23 (5034 turns).

LeprechaunX the Ruffian (Octopode Shapeshifter)     Turns: 5034, Time: 00:05:24

Health: -17/48     AC:  1    Str: 16    XL:     8   Next: 36%
Magic:  8/8        EV: 14    Int: 17    God:    Hepliaklqana [**....]
Gold:   369        SH:  0    Dex: 12    Spells: 7/7 levels left

rFire   . .          .
                       - Unarmed
rCold   . . .        (no shield)
rNeg    . . .        (helmet currently unavailable)
rPois   .            (no amulet)
rElec   .            r - +6 ring of intelligence
rCorr   .            (no ring)
SInv    .            (no ring)
Will    .....        (no ring)
Stlth   ++           (no ring)
HPRegen 0.28/turn    (no ring)
MPRegen 0.11/turn    (no ring)
                     (no ring)

%: no passive effects
@: beast-form, studying Staves
A: beast (slay +3), reduced essence, almost no armour, amphibious, 8 rings,
camouflage 1, gelatinous body 1, (nimble swimmer 1), tentacles
a: Begin Untransformation, Renounce Religion, Ancestor Life: Knight, Ancestor
Life: Battlemage, Ancestor Life: Hexer, Recall Ancestor, Ancestor Identity


You were on level 6 of the Dungeon.
You worshipped Hepliaklqana.
Hepliaklqana was pleased with you.
You were a hulking beast.
You visited 1 branch of the dungeon, and saw 6 of its levels.
You also visited: Sewer.

You collected 369 gold pieces.

Inventory:

Jewellery
 r - a +6 ring of intelligence (left tentacle)
Talismans
 b - a beast talisman
Scrolls
 c - 4 scrolls of identify {unknown}
 h - a scroll of silence {unknown}
 i - a scroll of fear {unknown}
 j - a scroll of enchant weapon {unknown}
 k - a scroll of immolation {unknown}
 n - a scroll of poison {unknown}
 p - 2 scrolls of blinking {unknown}
 q - 2 scrolls of teleportation {unknown}
 x - a scroll of enchant armour {unknown}
 y - a scroll of amnesia {unknown}
 z - a scroll of brand weapon {unknown}
Potions
 a - a potion of lignification
 d - 2 potions of resistance {unknown}
 e - a potion of attraction {unknown}
 f - 2 potions of magic {unknown}
 g - 3 potions of curing {unknown}
 l - 2 potions of heal wounds {unknown}
 m - a potion of enlightenment {unknown}
 o - 2 potions of might {unknown}
 s - a potion of brilliance {unknown}
 t - a potion of cancellation {unknown}
 u - a potion of ambrosia {unknown}
 v - a potion of mutation {unknown}
 w - a potion of haste {unknown}


   Skills:
 + Level 4.2 Fighting
 + Level 4.6 Dodging
 * Level 6.8 Unarmed Combat
 + Level 4.6 Shapeshifting


You had 7 spell levels left.
You didn't know any spells.
Your spell library was empty.

Dungeon Overview and Level Annotations

Branches:
Dungeon (6/15)              Sewer (visited)
 Temple: D:4-7

Altars:
Ashenzari
Cheibriados
Hepliaklqana
Wu Jian


Innate Abilities, Weirdness & Mutations

You are a hulking beast.
Your limbs bulge with bestial killing power. (Slay +3)
Your life essence is reduced to manifest your ancestor. (-10% HP)
You cannot wear most types of armour.
You are amphibious.
You can wear up to eight rings at the same time.
Your skin changes colour to match your surroundings (Stealth+).
Your rubbery body absorbs attacks. (AC +1, EV +1)
((You are camouflaged when in or above water. (Stealth+)))
You have tentacles for arms and can constrict up to eight enemies at once.


Message History

You pummel something!!
Reactivating autopickup.
You feel a bit more experienced.
You swing at nothing.
You start resting.
Ancestor HP restored.
You start resting.
Your transformation is almost over.
You hear the slow hiss of a distant avalanche of sand.
You start resting.
You feel less wooden.
You turn into a hulking beast.
Unknown command.
You start resting.
A steam dragon comes into view.
A steam dragon is nearby!
Unknown command.
A steam dragon is nearby!
A steam dragon is nearby!
The steam dragon hisses angrily.
The steam dragon breathes steam at you. The ball of steam hits you!!
* * * LOW HITPOINT WARNING * * *
You hear a shout!
You are engulfed in a cloud of scalding steam.
* * * LOW HITPOINT WARNING * * *
Preben barely misses the steam dragon.
Preben closely misses the steam dragon.
You bludgeon the steam dragon!
The steam dragon is moderately wounded.
The steam dragon closely misses you. The steam dragon claws you.
* * * LOW HITPOINT WARNING * * *
Preben hits the steam dragon.
Unknown command.
You tentacle-slap the steam dragon.
You tentacle-slap the steam dragon, but do no damage.
The steam dragon is heavily wounded.
The steam dragon breathes steam at you. The ball of steam hits you!!
You die...

...^... ..^..^..##
......$..##
.......^...
^...^^....
..^..^.^.#
.^..^..§§#######..
^.....)§RD.<.....#
^.....§§§h<..###
....^.§).###.#
..^...§.## .#
....##### .# ###
.. .. .


You could see the friendly Preben the ancestor and a steam dragon (catching
breath, ally target).

Vanquished Creatures
  Menkaure (D:4)
  2 ogres (D:5)
  A kobold brigand (D:5)
  A scorpion (D:5)
  A gnoll sergeant (D:5)
  2 jellies (D:4)
  A howler monkey (D:5)
  3 hounds
  An orc priest (D:6)
  An iguana (D:6)
  An orc wizard (D:6)
  6 adders
  3 gnolls (D:5)
  8 river rats (Sewer)
  A shadow imp (D:5)
  A worm (D:2)
  A dart slug (D:3)
  2 orcs
  4 bats
  5 endoplasms
  3 giant cockroaches
  7 goblins
  3 hobgoblins
  2 jackals (D:1)
  3 quokkas
  10 ball pythons
  5 frilled lizards (Sewer)
  9 kobolds
  13 rats
101 creatures vanquished.

Vanquished Creatures (collateral kills)
  A scorpion (D:5)
  A hound (D:4)
  A sleepcap (D:5)
  A gnoll (D:5)
  An orc (D:6)
  A ball python (D:4)
6 creatures vanquished.

Vanquished Creatures (others)
  An ancestor (D:5)
1 creature vanquished.

Grand Total: 108 creatures vanquished

Notes
Turn   | Place    | Note
-------+----------+-------------------------------------------
     0 | D:1      | LeprechaunX the Octopode Shapeshifter began the quest for
                  | the Orb.
     0 | D:1      | Reached XP level 1. HP: 13/13 MP: 1/1
    78 | D:1      | Reached XP level 2. HP: 18/18 MP: 2/2
   983 | D:2      | Reached XP level 3. HP: 23/23 MP: 3/3
  1519 | D:3      | Found a hazy altar of Hepliaklqana.
  1529 | D:3      | Became a worshipper of Hepliaklqana the Forgotten
  1555 | D:3      | Found a glowing drain.
  1579 | Sewer    | Entered a sewer
  1619 | Sewer    | Reached XP level 4. HP: 26/29 MP: 4/4
  1628 | Sewer    | Reached skill level 4 in Unarmed Combat
  1717 | Sewer    | Reached XP level 5. HP: 31/34 MP: 5/5
  2561 | D:3      | Found a broken altar of Ashenzari.
  2566 | D:3      | Found a snail-covered altar of Cheibriados.
  2821 | D:4      | Reached XP level 6. HP: 35/41 MP: 6/6
  2925 | D:4      | Reached * piety under Hepliaklqana
  2935 | D:4      | Noticed Menkaure
  2946 | D:4      | Killed Menkaure
  2947 | D:4      | Reached skill level 5 in Unarmed Combat
  3177 | D:4      | Reached XP level 7. HP: 39/41 MP: 7/7
  3724 | D:5      | Entered Level 5 of the Dungeon
  3871 | D:5      | Reached ** piety under Hepliaklqana
  3945 | D:5      | Reached skill level 6 in Unarmed Combat
  4201 | D:5      | Reached XP level 8. HP: 43/48 MP: 8/8
  4436 | D:5      | Found an ornate altar of the Wu Jian Council.
  4605 | D:5      | HP: 1/48 [gnoll sergeant/+2 spear of flaming (2)]
  5034 | D:6      | Killed from afar by a steam dragon

Illustrated notes

Levels and vault maps discovered:
D:1:      minmay_arrival_hallway, layout_basic
D:2:      layout_basic, minmay_distorted
D:3:      layout_basic, mainiacjoe_overflow_paths, minitemple,
          gup_sewer_entry_glass, hangedman_decor_growths
D:4:      nicolae_cairo_tiling_very_big, layout_loops_corners, uniq_menkaure
D:5:      layout_basic, nicolae_wu_jian_immortal_techniques
D:6:      layout_rooms, minmay_temple_entry_fiery, nicolae_ossuary_entry_giza,
          minmay_holes, uniq_edmund

Skill      XL: |  1  2  3  4  5  6  7  8 |
---------------+-------------------------+-----
Fighting       | 2 3 4 |  4.2
Unarmed Combat | 4 5 6 |  6.8
Dodging        | 3 4 |  4.6
Shapeshifting  | 4 |  4.6

Action                     |  1- 3 |  4- 6 |  7- 9 || total
---------------------------+-------+-------+-------++-------
  Melee: Unarmed           |    53 |    87 |    69 ||   209
         Constrict         |    16 |    19 |    16 ||    51
         Tentacles         |    16 |    12 |    15 ||    43
         Punch             |     1 |     4 |     7 ||    12
    Use: Potion            |       |       |     1 ||     1
   Stab: Distracted        |     1 |       |     1 ||     2
         Sleeping          |     5 |     7 |       ||    12
 Armour: Skin              |     1 |     5 |     9 ||    15
  Dodge: Dodged            |    27 |    47 |    29 ||   103

Table legend: (Time is in decaauts)
 A = Elapsed time spent in this place.
 B = Non-inter-level travel time spent in this place.
 C = Inter-level travel time spent in this place.
 D = Time resting spent in this place.
 E = Time spent auto-exploring this place.
 F = Levels seen in this place.
 G = Mean time per level.
                   A        B        C        D        E       F      G
               +--------+--------+--------+--------+--------+-----+--------+
         Total |   5013 |   4862 |    151 |    389 |   3809 |   7 |  716.1 |
       Dungeon |   4567 |   4416 |    151 |    389 |   3509 |   6 |  761.2 |
         Sewer |    446 |    446 |      0 |      0 |    300 |   1 |  446.0 |
               +--------+--------+--------+--------+--------+-----+--------+

Top non-repeatable levels by time:
     D:5: 1206 daAuts
     D:4: 1065 daAuts
     D:1: 768 daAuts
     D:2: 747 daAuts
     D:3: 682 daAuts
   Sewer: 446 daAuts
     D:6: 96 daAuts
